 Dungeon Crawl Stone Soup version 0.25-a0-1024-gbfbf38f2cb (webtiles) character file.

Game seed: 16750879508736431872, levelgen mode: deterministic

290340 Flugslaktarn the Warrior (level 20, 0/264 HPs)
             Began as a Barachi Fighter on May 12, 2020.
             Was a High Priest of Trog.
             Killed from afar by a tengu reaver (17 damage)
             ... with a bolt of poison
             ... on level 5 of the Vaults.
             The game lasted 00:29:56 (43082 turns).

Flugslaktarn the Warrior (Barachi Fighter)         Turns: 43082, Time: 00:29:57

Health: 0/264      AC: 37    Str: 26    XL:     20   Next: 74%
Magic:  27/27      EV: 11    Int: 15    God:    Trog [*****.]
Gold:   1725       SH: 22    Dex: 15    Spells: 19/19 levels left

rFire    + . .     SeeInvis .   R - +8 broad axe (vorpal)
rCold    . . .     Gourm    .   w - +0 tower shield
rNeg     + . .     Faith    +   P - +0 crystal plate armour
rPois    .         Spirit   .   U - +2 helmet {Int+3}
rElec    .         Reflect  .   y - +2 cloak
rCorr    .         Harm     .   C - +2 pair of gloves
MR       ++++.                  E - +2 pair of boots
Stlth    ..........             c - amulet "Gauhuiga" {Faith rN+}
HPRegen  1.54/turn              p - +3 ring of protection
MPRegen  0.20/turn              B - ring of Loafidoo {rF+ MR+ Str+4 Dex+2}

@: berserking (expiring), lethally poisoned (0 -> -6), corroded, regenerating,
studying Axes, very quick
A: +LOS, swims, slowness 1, strong legs 2
}: 2/15 runes: decaying, serpentine
a: Hop, Berserk, Trog's Hand, Brothers in Arms, Renounce Religion


You were on level 5 of the Vaults.
You worshipped Trog.
Trog was extremely pleased with you.
You were hungry.

You visited 6 branches of the dungeon, and saw 36 of its levels.
You also visited: Gauntlet.

You collected 3231 gold pieces.
You spent 1506 gold pieces at shops.

Inventory:

Hand Weapons
 H - the +14 obsidian axe {vorpal, +Fly SInv *Curse}
   (You found it in a Gauntlet)

   It inflicts extra damage upon your enemies.
   It lets you see invisible.
   It lets you fly.
   It curses itself when equipped.
 R - a +8 vorpal broad axe (weapon)
   (Trog gifted it to you on level 11 of the Dungeon)
Missiles
 I - 3 throwing nets (quivered)
Armour
 w - a +0 tower shield (worn)
   (You took it off a naga warrior on level 4 of the Snake Pit)
 y - a +2 cloak (worn)
   (You found it on level 3 of the Lair of Beasts)
 C - a +2 pair of gloves (worn)
   (You found it on level 5 of the Dungeon)
 E - a +2 pair of boots (worn)
   (You found it on level 8 of the Dungeon)
 K - the +5 chain mail "Duuchoka" {rElec rC+ Str-3 Int+5}
   (You bought it in a shop on level 1 of the Snake Pit)

   It affects your strength (-3).
   It affects your intelligence (+5).
   It protects you from cold.
   It insulates you from electricity.
 P - a +0 crystal plate armour (worn)
   (You found it on level 10 of the Dungeon)
 U - a +2 helmet of intelligence (worn)
   (You found it on level 2 of the Vaults)
Jewellery
 c - the amulet "Gauhuiga" (around neck) {Faith rN+}
   (You found it on level 2 of the Vaults)

   [amulet of faith]

   It allows you to gain divine favour quickly.
   It protects you from negative energy.
 f - an uncursed ring of protection from fire
   (You found it on level 4 of the Swamp)
 k - an uncursed ring of resist corrosion
   (You found it on level 15 of the Dungeon)
 p - a +3 ring of protection (left hand)
   (You found it on level 4 of the Lair of Beasts)
 B - the ring of Loafidoo (right hand) {rF+ MR+ Str+4 Dex+2}
   (You found it in a Gauntlet)

   [ring of protection from fire]

   It affects your strength (+4).
   It affects your dexterity (+2).
   It protects you from fire.
   It affects your resistance to hostile enchantments.
Wands
 j - a wand of paralysis (10)
   (You took it off Ijyb on level 3 of the Dungeon)
 s - a wand of acid (6)
   (You found it on level 3 of the Dungeon)
 u - a wand of iceblast (51)
   (You found it on level 4 of the Dungeon)
 v - a wand of digging (15)
   (You found it on level 6 of the Dungeon)
 O - a wand of clouds (5)
   (You took it off Erolcha on level 10 of the Dungeon)
Scrolls
 b - a scroll of holy word
 m - 6 scrolls of immolation
 t - 5 scrolls of teleportation
 x - 14 scrolls of remove curse
 z - 3 scrolls of blinking
 F - 2 scrolls of fear
 G - a scroll of enchant armour
 Q - 4 scrolls of fog
 S - a scroll of magic mapping
Potions
 d - 8 potions of might
 g - 4 potions of flight
 h - 4 potions of haste
 l - 5 potions of mutation
 o - 3 potions of invisibility
 q - 7 potions of curing
 A - 6 potions of lignification
 D - 5 potions of brilliance
 J - 3 potions of cancellation
 T - 3 potions of magic
Books
 N - a manual of Axes
   (You acquired it on level 11 of the Dungeon)
Miscellaneous
 n - a phial of floods
   (You found it on level 12 of the Dungeon)
 L - a tin of tremorstones (3/3)
   (You found it on level 3 of the Snake Pit)
Comestibles
 e - 29 rations


   Skills:
 + Level 20.2 Fighting
 - Level 20.0 Axes
 + Level 20.1 Armour
 - Level 11.0 Dodging
 + Level 17.2 Shields
 - Level 10.0 Evocations


You had 19 spell levels left.
You didn't know any spells.
Your spell library was empty.

Dungeon Overview and Level Annotations

Branches:
Dungeon (15/15)            Temple (0/1) D:6            Lair (6/6) D:9
  Swamp (4/4) Lair:3        Snake (4/4) Lair:4        Slime (0/5) Lair:6
    Orc (2/2) D:11            Elf (0/3) Orc:2        Vaults (5/5) D:14
  Crypt (0/3) Vaults:3     Depths (0/5) D:15        Gauntlet (visited)

Altars:
Ashenzari
Dithmenos
Fedhas
Makhleb
Okawaru
Ru
Sif Muna
Trog
Uskayaw
Wu Jian
Xom
The Shining One
Beogh
Jiyva

Shops:
D:12 %   D:13 !(   Orc:1 [   Orc:2 [!%%   Snake:1 *[([=

Annotations:
D:3 2 transporters, Flugslaktarn's ghost, amateur BaFi
D:5 3 runed translucent doors, Amnesiac's ghost, amateur DEIE
D:8 2 transporters, mortelune's ghost, novice CeHu
Lair:1 2 transporters, ra1n577's ghost, journeyman DDFi
Lair:2 1 runed translucent door, exclusion: 4 oklob plants, Flugslaktarn's ghost, journeyman MiFi


Innate Abilities, Weirdness & Mutations

You can be seen from farther away. (+LOS)
You can swim through water.
You cover ground slowly.
You can hop long distances.


Message History

You hit the tengu reaver.
The tengu reaver is heavily wounded.
You feel sick.
You slash the tengu reaver!
The tengu reaver is severely wounded.
You feel sick.
The tengu reaver hits you with a +0 great sword.
* * * LOW HITPOINT WARNING * * *
The tengu reaver pecks you but does no damage.
The tengu reaver claws you but does no damage.
You miss the tengu reaver.
The tengu reaver is severely wounded.
You feel sick.
You slice the tengu reaver!!
The tengu reaver is almost dead.
You feel sick.
The tengu reaver points at you and mumbles some strange words.
The bolt of poison hits you!
You are more poisoned.
You die...

#..#....#..## #..#....#..)# .
#..#....#..[ ... #..#....#.. ###
.....#####(?#(...#.# #(.##
........(...#....#*##....##..
...............[[..(.....^p....ep
###########(..(().)##############
........[.(<<@Q)..........
..........<(.<..).........
...........<<.............
..........................
######..........##########
#............ #........#.....
...###....#..### .... #....#..#


You could see a tengu reaver and a battlesphere.

Vanquished Creatures
  A golden dragon (Vaults:4)
  A bone dragon (Swamp:4)
  A tentacled monstrosity (Vaults:5)
  A quicksilver dragon (Vaults:5)
  A titan (Vaults:4)
  2 sphinxes
  A shadow dragon (Vaults:4)
  A storm dragon (Vaults:3)
  2 tengu reavers
  Agnes (D:15)
  2 thorn hunters
  A fire giant (Vaults:2)
  2 frost giants
  4 nagarajas
  Louise (D:15)
  5 vault wardens
  8 ironheart preservers
  9 stone giants
  A deep elf elementalist (Vaults:5)
  2 vampire knights (D:13)
  An entropy weaver (Vaults:3)
  Nessos (D:15)
  The ghost of Koaxihic the Severer, a journeyman GrAM of Okawaru (D:13)
  A deep elf annihilator (Vaults:5)
  A crystal guardian (Vaults:4)
  Erolcha (D:10)
  5 ettins
  4 ogre magi
  Josephine (D:14)
  2 deep elf high priests (Vaults:5)
  7 yaktaur captains
  A fire dragon (Lair:6)
  A great orb of eyes (Vaults:4)
  Fannar (Lair:3)
  11 naga warriors
  31 vault guards
  Harold (Lair:1)
  2 ice dragons
  2 ghost crabs (Swamp:3)
  3 shambling mangroves
  15 hydras
  A death knight (D:15)
  9 centaur warriors
  4 anacondas
  2 catoblepae
  17 two-headed ogres
  4 alligators
  A tengu warrior (D:13)
  A deep troll shaman (Vaults:1)
  4 death yaks (Lair:5)
  2 deep troll earth magi (Vaults:1)
  A vampire mage (Vaults:3)
  6 naga sharpshooters
  Urug (Lair:1)
  6 shock serpents
  An orc high priest (Vaults:2)
  A spriggan (Swamp:3)
  A skeletal warrior (D:15)
  A storm dragon zombie (Vaults:1)
  7 deep elf knights
  A fire crab (shapeshifter) (Vaults:4)
  5 salamander mystics
  10 deep trolls (Vaults:1)
  5 unseen horrors
  A tengu zombie (Vaults:1)
  8 orc knights
  2 deep elf archers
  7 naga ritualists
  3 spectral hydras (Swamp:4)
  A flayed ghost (Vaults:3)
  6 swamp dragons
  2 ironbrand convokers
  A lindwurm (Lair:6)
  5 wizards
  2 phantasmal warriors
  9 deep elf magi
  6 mana vipers
  A necromancer (Vaults:1)
  22 ugly things
  10 salamanders
  A wolf spider (Vaults:3)
  3 cyclopes
  2 orc sorcerers
  A manticore (D:13)
  5 vault sentinels
  9 naga magi
  3 centaur zombies
  12 elephants
  Psyche (D:11)
  2 gargoyles
  6 torpor snails
  25 black mambas
  13 yaktaurs
  11 spiny frogs
  A human zombie (Vaults:1)
  7 komodo dragons
  3 rime drakes
  3 hydra zombies
  2 freezing wraiths (D:15)
  A minotaur zombie (Gauntlet)
  An efreet (D:14)
  6 swamp worm zombies
  7 trolls
  4 tengu conjurers
  A troll (shapeshifter) (D:13)
  A jumping spider (Vaults:3)
  8 tyrant leeches
  A hornet (shapeshifter) (Vaults:4)
  15 hornets
  2 polar bears
  2 alligator zombies (Swamp:4)
  2 spectral swamp dragons (Swamp:4)
  8 bog bodies
  14 blink frogs
  16 slime creatures
  7 dream sheep
  5 hippogriffs
  A centaur simulacrum (D:14)
  5 vampires
  3 redbacks (Vaults:3)
  4 wyverns
  27 yaks
  2 shadows
  8 wraiths
  A human (D:14)
  Grum (Lair:1)
  5 basilisks
  A chaos spawn (Gauntlet)
  A neqoxec (Gauntlet)
  A soldier ant (D:13)
  10 swamp worms
  5 vampire mosquitoes
  47 nagas
  25 insubstantial wisps
  2 wargs
  An acid dragon (Vaults:2)
  8 water moccasins
  4 porcupines
  2 swamp drakes (Swamp:4)
  A porcupine (shapeshifter) (Vaults:5)
  3 ice beasts
  2 black bears
  24 orc warriors
  A sky beast (shapeshifter) (Vaults:4)
  2 swamp dragon zombies (Swamp:4)
  3 sky beasts
  An ettin simulacrum (Vaults:1)
  9 phantoms
  14 centaurs
  26 ogres
  A necrophage (D:14)
  8 wolves
  18 crocodiles
  4 big kobolds
  A komodo dragon zombie (Swamp:1)
  21 bullfrogs
  2 wyvern skeletons
  2 scorpions
  2 wights (D:12)
  An electric eel (D:6)
  7 crimson imps
  9 hounds
  4 jellies
  17 orc priests
  2 bullfrog skeletons (D:11)
  3 centaur skeletons
  A gnoll shaman (D:9)
  Jessica (D:3)
  Ijyb (D:3)
  4 iguanas
  28 orc wizards
  2 spectral swamp drakes (Swamp:4)
  5 worker ants
  A hound zombie (D:10)
  2 hound skeletons
  A worker ant zombie (D:6)
  20 gnolls
  15 adders
  A swamp drake zombie (Swamp:4)
  6 shadow imps
  3 white imps (Lair:4)
  An ooze (D:3)
  3 adder skeletons
  2 worms
  5 dart slugs
  4 leopard geckos
  72 orcs
  5 bats
  7 giant cockroaches
  7 hobgoblins
  6 jackals
  7 kobolds
  A quokka (D:4)
  5 frilled lizards
  6 goblins
  A leopard gecko zombie (D:6)
  12 rats
  7 briar patches (Swamp:3)
  3 fungi
  4 plants
1129 creatures vanquished.

Vanquished Creatures (collateral kills)
  The ghost of Getac the Hand of Fortune, an adept DsGl of Nemelex Xobeh (Vaults:2)
  Donald (Orc:2)
  5 nagarajas (Snake:4)
  2 orc warlords (Vaults:2)
  A minotaur (Gauntlet)
  Snorg (Orc:2)
  2 hydras
  2 centaur warriors
  3 two-headed ogres
  3 ogre magi (Orc:2)
  2 orc high priests (Vaults:2)
  A naga sharpshooter (Snake:4)
  A wizard (D:15)
  2 orc knights (Vaults:2)
  2 phantasmal warriors (Swamp:4)
  A lindwurm (Lair:6)
  A deep elf mage (D:15)
  3 ugly things
  An oklob plant (Swamp:4)
  4 elephants (Lair:6)
  2 naga magi (Snake:4)
  A centaur zombie (D:15)
  2 yaktaurs (D:15)
  A swamp worm zombie (Swamp:4)
  2 trolls (Orc:2)
  3 hornets
  A tyrant leech (D:13)
  4 slime creatures
  An alligator zombie (Swamp:1)
  A wyvern (D:12)
  A vampire (D:13)
  5 yaks
  A spriggan (Swamp:3)
  A wraith (D:14)
  A tyrant leech zombie (Swamp:1)
  2 nagas (Snake:4)
  5 insubstantial wisps
  3 orc warriors (Orc:2)
  A phantom (Swamp:4)
  A sky beast (D:11)
  7 ogres (Orc:2)
  A centaur (D:13)
  4 swamp dragon zombies (Swamp:4)
  A crocodile (D:15)
  3 wights (D:12)
  An orc priest (Orc:2)
  5 orc wizards
  12 orcs
  4 kobolds (D:12)
116 creatures vanquished.

Vanquished Creatures (others)
  A naga mage (Snake:4)
  A spiny frog (Swamp:3)
  A naga (Snake:4)
  A briar patch (Swamp:3)
  10 demonic plants (Gauntlet)
  7 fungi
  23 plants
44 creatures vanquished.

Grand Total: 1289 creatures vanquished

Notes
Turn   | Place    | Note
-------+----------+-------------------------------------------
     0 | D:1      | Flugslaktarn the Barachi Fighter began the quest for the
                  | Orb.
     0 | D:1      | Reached XP level 1. HP: 18/18 MP: 1/1
   141 | D:1      | Reached XP level 2. HP: 25/25 MP: 2/2
   491 | D:1      | Reached XP level 3. HP: 27/30 MP: 3/3
   898 | D:2      | Reached XP level 4. HP: 32/37 MP: 4/4
  1524 | D:2      | Found a bloodstained altar of Trog.
  1532 | D:2      | Found a shimmering blue altar of Sif Muna.
  1725 | D:2      | Became a worshipper of Trog the Wrathful
  2114 | D:3      | Reached XP level 5. HP: 43/43 MP: 5/5
  2285 | D:3      | Noticed Jessica
  2288 | D:3      | Killed Jessica
  2420 | D:3      | Identified the +9 halberd of Bankruptcy {vamp, rN+ Int+3
                  | Dex-3}
  2422 | D:3      | Noticed Flugslaktarn's ghost (amateur BaFi)
  2476 | D:3      | Found a transporter.
  2486 | D:3      | Found a shattered altar of Ashenzari.
  2523 | D:3      | Found a transporter.
  2561 | D:3      | Reached * piety under Trog
  2764 | D:3      | Found a faded altar of an unknown god.
  2876 | D:4      | Noticed Ijyb
  2890 | D:3      | Reached XP level 6. HP: 28/49 MP: 6/6
  3058 | D:3      | Killed Ijyb
  3302 | D:4      | Reached skill level 5 in Fighting
  3302 | D:4      | Reached skill level 5 in Axes
  3395 | D:4      | Reached skill level 5 in Armour
  3830 | D:4      | Noticed a phantom
  3868 | D:4      | Killed a phantom
  3868 | D:4      | Reached skill level 1 in Evocations
  3868 | D:4      | Reached XP level 7. HP: 40/56 MP: 7/7
  4022 | D:4      | Reached ** piety under Trog
  4257 | D:5      | Entered Level 5 of the Dungeon
  4257 | D:5      | Found a runed translucent gate.
  4257 | D:5      | Found a runed translucent gate.
  4270 | D:5      | Reached skill level 5 in Shields
  4272 | D:5      | HP: 2/56 [ice beast (12)]
  4834 | D:5      | Reached XP level 8. HP: 64/64 MP: 9/9
  4864 | D:5      | Noticed Amnesiac's ghost (amateur DEIE)
  4865 | D:5      | Found a runed translucent gate.
  5082 | D:5      | Found a burning altar of Makhleb.
  6174 | D:6      | Found a staircase to the Ecumenical Temple.
  6184 | D:6      | Found a sacrificial altar of Ru.
  6259 | D:6      | Found a glowing golden altar of the Shining One.
  6259 | D:6      | Found a shadowy altar of Dithmenos.
  6390 | D:6      | Reached XP level 9. HP: 67/71 MP: 10/12
  6889 | D:7      | Found an ornate altar of the Wu Jian Council.
  7317 | D:7      | Found an iron altar of Okawaru.
  7317 | D:7      | Found a shimmering altar of Xom.
  7575 | D:8      | Found a transporter.
  7592 | D:8      | Noticed mortelune's ghost (novice CeHu)
  7716 | D:8      | Found a transporter.
  7995 | D:8      | Reached *** piety under Trog
  8036 | D:8      | Reached skill level 5 in Evocations
  8264 | D:8      | Reached XP level 10. HP: 78/80 MP: 10/14
  8334 | D:8      | Noticed a three-headed hydra
  8338 | D:8      | Killed a one-headed hydra
  8505 | D:8      | Found a blossoming altar of Fedhas.
  8681 | D:9      | Noticed a two-headed ogre
  8690 | D:9      | Killed a two-headed ogre
  8690 | D:9      | Reached skill level 10 in Axes
  8884 | D:9      | Noticed an elephant
  8903 | D:9      | Killed an elephant
  8914 | D:9      | Reached XP level 11. HP: 61/89 MP: 10/15
  9074 | D:9      | Found a staircase to the Lair.
  9106 | D:9      | Found a hide-covered altar of Uskayaw.
  9243 | D:9      | Reached **** piety under Trog
  9387 | Lair:1   | Entered Level 1 of the Lair of Beasts
  9395 | Lair:1   | Found the +12 glaive of Prune {vorpal}
  9446 | Lair:1   | Noticed a seven-headed hydra
  9465 | Lair:1   | Killed a one-headed hydra
  9619 | Lair:1   | Noticed a five-headed hydra
  9630 | Lair:1   | Killed a one-headed hydra
 10020 | Lair:1   | Noticed a moth of wrath
 10027 | Lair:1   | Found a bloodstained altar of Trog.
 10027 | Lair:1   | Noticed ra1n577's ghost (journeyman DDFi)
 10034 | Lair:1   | Found a transporter.
 10037 | Lair:1   | Identified the +9 trident of the Skies Above {antimagic,
                  | +Rage MR+}
 10037 | Lair:1   | Noticed a spriggan rider
 10046 | Lair:1   | Found a transporter.
 10060 | Lair:1   | Noticed Grum
 10083 | Lair:1   | Killed Grum
 10318 | Lair:1   | Reached skill level 10 in Fighting
 10319 | Lair:1   | Noticed Harold
 10326 | Lair:1   | Reached skill level 10 in Armour
 10339 | Lair:1   | Killed Harold
 10664 | Lair:1   | Reached XP level 12. HP: 82/98 MP: 13/16
 10815 | Lair:1   | Noticed Urug
 11296 | Lair:1   | Killed Urug
 11421 | Lair:1   | Noticed an eight-headed hydra
 11434 | Lair:1   | Killed a one-headed hydra
 12235 | Lair:2   | Noticed an eight-headed hydra
 12253 | Lair:2   | Killed a one-headed hydra
 12253 | Lair:2   | Reached skill level 10 in Shields
 12556 | Lair:2   | Found a runed translucent door.
 12641 | Lair:2   | Noticed Flugslaktarn's ghost (journeyman MiFi)
 12641 | Lair:2   | Noticed a death yak
 13117 | Lair:3   | Noticed Fannar
 13314 | Lair:3   | Killed Fannar
 13448 | Lair:3   | Noticed a four-headed hydra
 13459 | Lair:3   | Killed a one-headed hydra
 13730 | Lair:3   | Gained mutation: You can hop long distances. [Barachi
                  | growth]
 13730 | Lair:3   | Reached XP level 13. HP: 103/106 MP: 17/17
 13910 | Lair:3   | Reached ***** piety under Trog
 14483 | Lair:3   | Found a staircase to the Swamp.
 15548 | Lair:4   | Noticed an ice dragon
 15560 | Lair:4   | Killed an ice dragon
 15775 | Lair:4   | Found a staircase to the Snake Pit.
 16831 | Lair:5   | Reached skill level 15 in Axes
 17686 | Lair:6   | Entered Level 6 of the Lair of Beasts
 17945 | Lair:6   | Found a gate leading to a gauntlet.
 17959 | Gauntlet | Entered a Gauntlet
 17959 | Gauntlet | Found a transporter.
 17959 | Gauntlet | Found a large runed translucent door.
 17969 | Gauntlet | Found a transporter.
 17984 | Gauntlet | Found a transporter.
 17989 | Gauntlet | Found a transporter.
 18004 | Gauntlet | Found a transporter.
 18023 | Gauntlet | Found a transporter.
 18026 | Gauntlet | Noticed a great orb of eyes
 18035 | Gauntlet | Found a transporter.
 18046 | Gauntlet | Found the cursed +14 obsidian axe {vorpal, +Fly SInv
                  | *Curse}
 18047 | Gauntlet | Found a transporter.
 18057 | Gauntlet | Noticed a dire elephant
 18059 | Gauntlet | Found a transporter.
 18071 | Gauntlet | Found a transporter.
 18072 | Gauntlet | Noticed a death ooze
 18088 | Gauntlet | Found a transporter.
 18088 | Gauntlet | Found a transporter.
 18108 | Gauntlet | Found a transporter.
 18128 | Gauntlet | Found a transporter.
 18148 | Gauntlet | Found a transporter.
 18223 | Gauntlet | Found a transporter.
 18225 | Gauntlet | Found a runed translucent gate.
 18225 | Gauntlet | Found a runed translucent gate.
 18225 | Gauntlet | Found a runed translucent gate.
 18226 | Gauntlet | Found a large runed translucent door.
 18226 | Gauntlet | Found a large runed translucent door.
 18226 | Gauntlet | Found a large runed translucent door.
 18226 | Gauntlet | Found a large runed translucent door.
 18227 | Gauntlet | Found a large runed translucent door.
 18227 | Gauntlet | Found a large runed translucent door.
 18232 | Gauntlet | Found a large runed translucent door.
 18232 | Gauntlet | Found a large runed translucent door.
 18233 | Gauntlet | Found a large runed translucent door.
 18233 | Gauntlet | Found a large runed translucent door.
 18233 | Gauntlet | Found a runed translucent door.
 18233 | Gauntlet | Found a runed translucent door.
 18233 | Gauntlet | Found a large runed translucent door.
 18233 | Gauntlet | Found a large runed translucent door.
 18236 | Gauntlet | Found a large runed translucent door.
 18236 | Gauntlet | Found a large runed translucent door.
 18244 | Gauntlet | Found a large runed translucent door.
 18252 | Gauntlet | Found a transporter.
 18290 | Gauntlet | Found a transporter.
 18399 | Gauntlet | Reached XP level 14. HP: 86/116 MP: 12/18
 18419 | Gauntlet | Got a glittering ivory ring
 18572 | Lair:6   | Identified the ring of Loafidoo {rF+ MR+ Str+4 Dex+2} (You
                  | found it in a Gauntlet)
 18667 | Lair:6   | Found a viscous altar of Jiyva.
 18667 | Lair:6   | Found a staircase to the Slime Pits.
 19426 | Lair:6   | Found a runed translucent door.
 19935 | D:10     | Entered Level 10 of the Dungeon
 20208 | D:10     | Noticed Erolcha
 20220 | D:10     | Killed Erolcha
 20507 | D:10     | Found the +4 skin of Zhor {Englaciate rC+++ SInv}
 20806 | D:11     | Received a gift from Trog
 20817 | D:11     | Identified a scroll of acquirement
 20817 | D:11     | Identified the amulet "Vedoxits" {Acrobat rN+} (You
                  | acquired it on level 11 of the Dungeon)
 21032 | D:11     | Found a staircase to the Orcish Mines.
 21327 | D:11     | Noticed Psyche
 21332 | D:11     | Killed Psyche
 22012 | D:12     | Received a gift from Trog
 22499 | D:12     | Found Vyekueje's Food Emporium.
 22831 | D:13     | Noticed a vampire knight
 22831 | D:13     | Noticed a vampire knight
 22847 | D:13     | Killed a vampire knight
 22850 | D:13     | Killed a vampire knight
 22850 | D:13     | Reached XP level 15. HP: 49/125 MP: 19/19
 22853 | D:13     | Reached ****** piety under Trog
 23103 | D:13     | Received a gift from Trog
 23159 | D:13     | Found Baprohif's Distillery.
 23175 | D:13     | Found a runed translucent gate.
 23175 | D:13     | Found a runed translucent gate.
 23175 | D:13     | Found a runed translucent gate.
 23178 | D:13     | Noticed Koaxihic's ghost (journeyman GrAM)
 23180 | D:13     | Bought a potion of cancellation for 120 gold pieces
 23180 | D:13     | Bought a potion of heal wounds for 75 gold pieces
 23180 | D:13     | Bought a potion of haste for 150 gold pieces
 23180 | D:13     | Bought a potion of might for 60 gold pieces
 23255 | D:13     | Killed Koaxihic's ghost
 23260 | D:13     | Got a steaming war axe
 23270 | D:13     | Identified the cursed +3 war axe of the Sea {distort, *Slow
                  | +Inv rF- SInv} (You found it on level 13 of the Dungeon)
 23571 | D:13     | Found Xomokouw's Antique Weapon Shoppe.
 23641 | D:13     | Found the +12 Vampire's Tooth {vamp}
 24099 | D:14     | Noticed Josephine
 24108 | D:14     | Killed Josephine
 24409 | D:14     | Received a gift from Trog
 25030 | D:14     | Found a gate to the Vaults.
 25138 | D:15     | Entered Level 15 of the Dungeon
 25251 | D:15     | Noticed Louise
 25251 | D:15     | Noticed Agnes
 25257 | D:15     | Killed Agnes
 25261 | D:15     | Killed Louise
 25579 | D:15     | Reached XP level 16. HP: 134/134 MP: 20/20
 25816 | D:15     | Noticed Nessos
 25825 | D:15     | Killed Nessos
 25825 | D:15     | Received a gift from Trog
 26329 | D:15     | Found a staircase to the Depths.
 26337 | D:15     | Reached skill level 15 in Fighting
 26647 | Orc:1    | Entered Level 1 of the Orcish Mines
 26690 | Orc:1    | Found Qoeb's Antique Armour Shop.
 26837 | Orc:2    | Entered Level 2 of the Orcish Mines
 26842 | Orc:2    | Reached skill level 15 in Armour
 26868 | Orc:2    | Found a staircase to the Elven Halls.
 26910 | Orc:2    | Identified the cursed -7 kite shield of Contentment {rPois
                  | rC+}
 26910 | Orc:2    | Noticed Donald
 26912 | Orc:2    | Received a gift from Trog
 26923 | Orc:2    | Killed Donald
 27409 | Orc:2    | Found Kagrubol's Armour Shop.
 27409 | Orc:2    | Found Wumuc's Food Shoppe.
 27409 | Orc:2    | Found Qyoc's Distillery.
 27409 | Orc:2    | Found Kopt's Food Boutique.
 27452 | Orc:2    | Received a gift from Trog
 27579 | Orc:2    | Got an ichor-stained war axe {god gift}
 27597 | Orc:2    | Bought a potion of heal wounds for 80 gold pieces
 27597 | Orc:2    | Bought a potion of mutation for 128 gold pieces
 27597 | Orc:2    | Bought a potion of invisibility for 128 gold pieces
 27620 | Orc:2    | Noticed Snorg
 27637 | Orc:2    | Killed Snorg
 28146 | Snake:1  | Entered Level 1 of the Snake Pit
 28595 | Swamp:1  | Entered Level 1 of the Swamp
 28642 | Swamp:1  | Received a gift from Trog
 28995 | Swamp:3  | Noticed a thorn hunter
 29004 | Swamp:3  | Killed a thorn hunter
 29004 | Swamp:3  | Reached skill level 15 in Shields
 29004 | Swamp:3  | Reached XP level 17. HP: 104/144 MP: 21/21
 29624 | Swamp:3  | Identified the +9 war axe of Cyutiog {vorpal, +Inv} (Trog
                  | gifted it to you on level 2 of the Orcish Mines)
 29989 | Swamp:4  | Entered Level 4 of the Swamp
 30049 | Swamp:4  | Received a gift from Trog
 30440 | Swamp:4  | Noticed a bone dragon
 30455 | Swamp:4  | Killed a bone dragon
 30645 | Swamp:4  | Got a decaying rune of Zot
 31739 | Snake:1  | Found Loedoyfo's Antique Weapon Emporium.
 31739 | Snake:1  | Found Rerghuqek's Antique Armour Emporium.
 31742 | Snake:1  | Found Minud's Jewellery Emporium.
 31745 | Snake:1  | Found Ireif's Armour Emporium.
 31750 | Snake:1  | Bought the +5 chain mail "Duuchoka" {rElec rC+ Str-3 Int+5}
                  | for 765 gold pieces
 31775 | Snake:1  | Found Fiogon's General Store.
 31779 | Snake:1  | Received a gift from Trog
 33420 | Snake:3  | Reached XP level 18. HP: 75/157 MP: 22/22
 33686 | Snake:3  | Reached skill level 1 in Dodging
 33872 | Snake:3  | Received a gift from Trog
 34140 | Snake:4  | Entered Level 4 of the Snake Pit
 34168 | Snake:4  | Reached skill level 5 in Dodging
 36382 | Snake:4  | Received a gift from Trog
 36441 | Snake:4  | Reached skill level 10 in Dodging
 36738 | Snake:4  | Received a gift from Trog
 36755 | Snake:4  | Got a serpentine rune of Zot
 37349 | Vaults:1 | Entered Level 1 of the Vaults
 37776 | Vaults:1 | Got a heavily runed golden ring
 37777 | Vaults:1 | Identified the ring of the Immovable Lovers {Fire Str+4
                  | Dex+3} (You found it on level 1 of the Vaults)
 38098 | Vaults:1 | Reached XP level 19. HP: 164/164 MP: 23/23
 38539 | Vaults:2 | Received a gift from Trog
 38734 | Vaults:2 | Found a runed translucent gate.
 38735 | Vaults:2 | Found a runed translucent gate.
 38735 | Vaults:2 | Found a runed translucent gate.
 38737 | Vaults:2 | Noticed Getac's ghost (adept DsGl)
 38757 | Vaults:2 | You fall into a shaft and drop 1 floor!
 39146 | Vaults:3 | Received a gift from Trog
 39829 | Vaults:2 | Found a roughly hewn altar of Beogh.
 39844 | Vaults:2 | Killed Getac's ghost
 39852 | Vaults:2 | Got a fine bone amulet
 39862 | Vaults:2 | Identified the amulet "Gauhuiga" {Faith rN+} (You found it
                  | on level 2 of the Vaults)
 39978 | Vaults:3 | Found a staircase to the Crypt.
 41170 | Vaults:5 | Entered Level 5 of the Vaults
 41401 | Vaults:4 | Reached XP level 20. HP: 146/174 MP: 26/26
 41825 | Vaults:5 | Noticed a Tzitzimitl
 42271 | Vaults:4 | Received a gift from Trog
 42552 | Vaults:5 | Noticed a golden dragon
 42580 | Vaults:4 | Killed a golden dragon
 42580 | Vaults:4 | Reached skill level 10 in Evocations
 43082 | Vaults:5 | Killed from afar by a tengu reaver

Illustrated notes

Levels and vault maps discovered:
D:1:      lemuel_arrival_hallway, layout_basic
D:2:      layout_loops_corners, minitemple, kennysheep_nondescript
D:3:      layout_basic, lemuel_doored_altar, chequers_ecumenical_altar_grove,
          gammafunk_ghost_gnarly_gnolls, uniq_jessica
D:4:      layout_loops_ring, uniq_ijyb
D:5:      layout_basic, kennysheep_little_box, ebering_ghost_rock_garden,
          first_ration, minmay_misc_feat_rows, minivault_5
D:6:      nicolae_whirlpool, layout_cave_pools, grunt_temple_overflow_open,
          minmay_temple_entry_trees, nrook_pool_corridor,
          hangedman_abyss_or_decor_stagger, amethyst_killhole,
          wad_floor_pattern_2, grunt_ministairs_10
D:7:      layout_loops_cross, lemuel_crystal_altar,
          gammafunk_temple_overflow_wave
D:8:      layout_loops_ring, lemuel_coloured_pillars_altar,
          gammafunk_ghost_mausoleum, hangedman_ranch [blue_anna_fruit_fields]
D:9:      layout_rooms, old_standard_altar, david_lair_generic
D:10:     layout_stronghold, dk_vineyard_2, uniq_erolcha
D:11:     layout_stronghold, orc_0_dummy, uniq_psyche
D:12:     minmay_weird_star, layout_long_grid, serial_shops, shop_fountains,
          due_unseen_surprise
D:13:     layout_basic, gammafunk_ghost_hydra_chop, serial_shops, shop, shop,
          minmay_guarded_unrand_vampires_tooth
D:14:     layout_irregular_city, grunt_vaults_entry_fortified,
          roderic_lattice_a, uniq_josephine
D:15:     grunt_enter_depths_snipers, layout_stronghold, st_stairs_13,
          uniq_louise, uniq_nessos, uniq_agnes
Lair:1:   layout_chaotic_city, gammafunk_ghost_wrathful_warriors,
          chequers_serial_rivers_small_a, uniq_urug, uniq_grum, uniq_harold
Lair:2:   layout_hall_layers, ebering_ghost_inner_flame, serial_bayou_shore_b,
          minmay_lair_oklob_chamber
Lair:3:   layout_regular_city, palyth_hydra_swamp_entry, serial_bayou_shore_a,
          uniq_fannar
Lair:4:   layout_small_grid, guppyfry_snake_entry_island, minivault_26,
          bobbens_ice_dragon_lair
Lair:5:   layout_roguey, serial_bayou_shore_b
Lair:6:   wormcave, layout_loops_ring, slime_altar_1, gauntlet_entry_generic,
          st_stairs_11, lemuel_fruit_tree
Swamp:1:  layout_falls_marsh, hangedman_swamp_ruin_wall, swamp_pool1,
          nicolae_swamp_necromancer_hut
Swamp:2:  layout_falls_marsh, nicolae_swamp_trees_clearing
Swamp:3:  layout_basic_swamp, nicolae_swamp_orc_logging_accident
Swamp:4:  swamp_pestilence, layout_basic_swamp, swamp_pool1
Snake:1:  layout_layer_cave, serial_shops, nicolae_shop_waterfront,
          minmay_shop_grid_forest
Snake:2:  layout_chambers, serial_shops, shop, st_stairs_5
Snake:3:  cheibrodos_forgotten_conduit, layout_rooms, uniq_kirke
Snake:4:  minmay_snake_end_coiled, layout_rooms
Orc:1:    layout_diamond_mine, serial_shops, nicolae_shop_window_shopping
Orc:2:    st_orc_ogre_mass, layout_caves, uniq_snorg, uniq_donald
Vaults:1: vaults_dpeg_cross, v_rooms_4, vaults_room_hallway,
          vaults_room_semicircle, nicolae_vaults_three_branches,
          nicolae_vaults_ninety_degrees, v_pattern_1,
          nicolae_vaults_network_periphery, vaults_room_pools,
          vaults_standard_mumra_x, grunt_vaults_hallway_long,
          vaults_room_mumra_shop_pool, grunt_vaults_hallway_short,
          layout_vaults_ring, serial_shops, shop
Vaults:2: biasface_vaults_ghost_orc_armoury, vaults_room_fancy_cross,
          grunt_vaults_swirl, hangedman_vaults_pinch,
          nicolae_vaults_circle_grid_a, v_misc_8, st_cells, v_misc_25,
          grunt_vaults_hallway_long, grunt_vaults_hallway_short, v_misc_8,
          vaults_dpeg_ring, layout_vaults_omnicross
Vaults:3: minmay_crypt_entry_vampire_xt, nicolae_vaults_circle_grid_a,
          ontoclasm_vaults_chip, dpeg_vaults_pockets_of_resistance,
          ontoclasm_vaults_bender, ontoclasm_vaults_ring_small,
          nicolae_vaults_ring_of_whatevers, vaults_mumra_chevron_long,
          ontoclasm_vaults_spin, vaults_room_pools, layout_vaults_maze_snakey,
          serial_shops, nicolae_shop_statue_plus
Vaults:4: vaults_dpeg_doors, v_pattern_3, hangedman_vaults_slice,
          ontoclasm_vaults_ring_large, nicolae_vaults_border_crossing,
          vaults_room_large_hall, v_rooms_3, hangedman_vaults_maws,
          nicolae_vaults_sealed_display, ontoclasm_vaults_shuriken,
          layout_vaults_omnigrid
Vaults:5: uniq_saint_roka

Skill      XL: |  1  2  3  4  5  6  7  8  9 10 11 12 13 14 15 16 17 18 19 20 |
---------------+-------------------------------------------------------------+-----
Axes           | 3 4 5 6 7 9 10 12 14 15 17 19 20 | 20.0
Armour         | 4 5 6 7 9 10 11 12 13 14 16 18 19 20 | 20.1
Fighting       | 4 5 6 7 9 10 11 12 13 14 16 18 19 20 | 20.2
Shields        | 4 5 6 7 8 9 10 11 12 13 15 16 17 | 17.2
Evocations     | 1 2 4 5 6 8 10 | 10.0
Dodging        | 11 | 11.0

Action                   |  1- 3 |  4- 6 |  7- 9 | 10-12 | 13-15 | 16-18 | 19-21 || total
-------------------------+-------+-------+-------+-------+-------+-------+-------++-------
Melee: War axe           |    84 |   254 |   273 |       |       |       |       ||   611
       Hand axe          |       |       |    12 |   421 |    59 |       |       ||   492
       Broad axe         |       |       |       |   154 |   825 |  1087 |   615 ||  2681
Invok: Berserk           |       |     2 |     9 |     6 |     9 |     6 |     4 ||    36
       Trog's Hand       |       |       |       |       |     6 |     6 |     5 ||    17
       Brothers in Arms  |       |       |       |       |       |     4 |     1 ||     5
 Abil: Hop               |       |       |     1 |     1 |     2 |     1 |     1 ||     6
Evoke: Wand              |       |       |       |     1 |     2 |       |       ||     3
       Phial of floods   |       |       |       |       |       |     1 |       ||     1
  Use: Scroll            |       |       |    14 |     5 |    18 |    17 |     9 ||    63
       Potion            |       |       |       |       |     3 |     9 |     3 ||    15
 Stab: Distracted        |       |       |       |       |     6 |     5 |     1 ||    12
  Eat: Chunk             |       |    10 |    14 |    17 |    28 |    23 |    16 ||   108
       Ration            |       |     1 |     3 |     3 |     6 |     9 |     2 ||    24
Armor: Scale mail        |    28 |   175 |    38 |       |       |       |       ||   241
       Plate armour      |       |       |   115 |   376 |   235 |       |       ||   726
       Crystal plate arm |       |       |       |       |   199 |   524 |   268 ||   991
       Chain mail        |       |       |       |       |       |   272 |       ||   272
Dodge: Dodged            |    15 |    86 |    53 |   106 |   144 |   359 |   103 ||   866
Block: Kite shield       |    44 |   149 |   152 |   358 |   509 |   402 |       ||  1614
       Tower shield      |       |       |       |       |       |   117 |   539 ||   656

Table legend:
 A = Non-vault XP
 B = Vault XP
 C = Vault XP percentage of total XP
 D = Non-vault monster count
 E = Vault monster count
 F = Vault count percentage of total count
                 A         B        C        D         E       F
            +---------+---------+-------+---------+---------+-------
      Total |  251353 |  216999 |  46.3 |     880 |     354 |  28.7
            +---------+---------+-------+---------+---------+-------
        D:1 |      43 |       0 |   0.0 |      24 |       0 |   0.0
        D:2 |      99 |       0 |   0.0 |      17 |       0 |   0.0
        D:3 |     174 |      73 |  29.6 |      35 |       2 |   5.4
        D:4 |     382 |       0 |   0.0 |      23 |       0 |   0.0
        D:5 |     546 |       0 |   0.0 |      10 |       0 |   0.0
        D:6 |     930 |     282 |  23.3 |      24 |       4 |  14.3
        D:7 |     559 |       0 |   0.0 |       9 |       0 |   0.0
        D:8 |    1051 |    2138 |  67.0 |      17 |       8 |  32.0
        D:9 |    2734 |     969 |  26.2 |      29 |       4 |  12.1
       D:10 |     719 |    1093 |  60.3 |      12 |       1 |   7.7
       D:11 |    3645 |     434 |  10.6 |      34 |       1 |   2.9
       D:12 |    7361 |       0 |   0.0 |      62 |       0 |   0.0
       D:13 |    6771 |    5737 |  45.9 |      25 |      10 |  28.6
       D:14 |   11116 |    9202 |  45.3 |      46 |      14 |  23.3
       D:15 |   16759 |    8790 |  34.4 |      38 |       8 |  17.4
     Lair:1 |    8576 |    2437 |  22.1 |      28 |       7 |  20.0
     Lair:2 |    4553 |     671 |  12.8 |      18 |       2 |  10.0
     Lair:3 |    5797 |    4237 |  42.2 |      20 |       8 |  28.6
     Lair:4 |    2615 |    1306 |  33.3 |      13 |       6 |  31.6
     Lair:5 |    8229 |       0 |   0.0 |      20 |       0 |   0.0
     Lair:6 |    8543 |    7481 |  46.7 |      27 |      21 |  43.8
    Swamp:1 |   10609 |    1400 |  11.7 |      27 |       6 |  18.2
    Swamp:2 |    1188 |       0 |   0.0 |       5 |       0 |   0.0
    Swamp:3 |   12843 |       0 |   0.0 |      27 |       0 |   0.0
    Swamp:4 |   12441 |   13756 |  52.5 |      33 |      45 |  57.7
    Snake:1 |    7628 |       0 |   0.0 |      18 |       0 |   0.0
    Snake:2 |   10531 |    2353 |  18.3 |      23 |       2 |   8.0
    Snake:3 |   11868 |     585 |   4.7 |      18 |       1 |   5.3
    Snake:4 |   24709 |   19582 |  44.2 |      42 |      43 |  50.6
      Orc:1 |     343 |       0 |   0.0 |      12 |       0 |   0.0
      Orc:2 |    4950 |   19705 |  79.9 |      45 |      43 |  48.9
   Vaults:1 |   19141 |    9114 |  32.3 |      30 |      11 |  26.8
   Vaults:2 |   10200 |   12195 |  54.5 |      19 |      18 |  48.6
   Vaults:3 |   11236 |   20625 |  64.7 |      20 |      24 |  54.5
   Vaults:4 |   17299 |   38508 |  69.0 |      25 |      37 |  59.7
   Vaults:5 |    5165 |   29811 |  85.2 |       5 |      20 |  80.0
   Gauntlet |       0 |    4515 | 100.0 |       0 |       8 | 100.0
            +---------+---------+-------+---------+---------+-------
